 Dungeon Crawl Stone Soup version 0.25.0-1-g7eea58d (webtiles) character file.

Game seed: 3782793323204381817

2492 Dorkslayer the Grappler (level 9, 0/83 HPs)
             Began as a Troll Monk on June 27, 2020.
             Was a Believer of the Shining One.
             Slain by a large abomination (23 damage)
             ... on level 6 of the Dungeon.
             The game lasted 00:18:11 (3848 turns).

Dorkslayer the Grappler (Troll Monk)                Turns: 3848, Time: 00:18:11

Health: 0/83       AC: 12    Str: 23    XL:     9   Next: 27%
Magic:  10/11      EV: 12    Int:  9    God:    the Shining One [**....]
Gold:   390        SH:  6    Dex: 15    Spells: 8/8 levels left

rFire    + . .     SeeInvis .     - Unarmed
rCold    . . .     Gourm    +   (no shield)
rNeg     + . .     Faith    .   y - +2 robe of Ahurei {Int+3 Dex+2}
rPois    +         Spirit   .   (helmet restricted)
rElec    .         Reflect  .   (no cloak)
rCorr    .         Harm     .   (gloves unavailable)
MR       .....                  (boots unavailable)
Stlth    +.........             l - amulet of regeneration
HPRegen  1.43/turn              C - ring of poison resistance
MPRegen  0.12/turn              x - +4 ring of protection

@: divine shield, berserk cooldown, slowed, glowing, very slow
A: large, unfitting armour, claws 3, horns 1, fire resistance 1, fast metabolism
3, gourmand, regeneration 2, shaggy fur 1, tough skin 3
a: Divine Shield, Renounce Religion


You were on level 6 of the Dungeon.
You worshipped the Shining One.
The Shining One was pleased with you.
You were full.

You visited 2 branches of the dungeon, and saw 7 of its levels.

You collected 390 gold pieces.

Inventory:

Missiles
 g - 7 boomerangs (quivered)
Armour
 y - the +2 robe of Ahurei (worn) {Int+3 Dex+2}
   (You found it on level 5 of the Dungeon)

   It affects your intelligence (+3).
   It affects your dexterity (+2).
Jewellery
 c - an uncursed ring of protection from cold
 l - an amulet of regeneration (around neck)
 w - an uncursed ring of see invisible
 x - a +4 ring of protection (right claw)
 A - an uncursed ring of stealth
 C - a ring of poison resistance (left claw)
Wands
 p - a wand of polymorph (6)
Scrolls
 a - a scroll of blinking {unknown}
 e - 2 scrolls of random uselessness {unknown}
 f - 3 scrolls of immolation
 h - 2 scrolls of amnesia {unknown}
 k - 2 scrolls of enchant weapon
 r - 2 scrolls of enchant armour {unknown}
 t - 3 scrolls of teleportation {unknown}
 v - 4 scrolls of remove curse
 B - a scroll of identify
Potions
 i - 3 potions of curing
 j - 2 potions of might {unknown}
 m - a potion of heal wounds {unknown}
 n - a potion of lignification {unknown}
 o - a potion of mutation
 q - a potion of resistance {unknown}
 s - 2 potions of magic
 u - a potion of degeneration {unknown}
 z - 2 potions of invisibility {unknown}
Comestibles
 b - 11 rations
 D - 9 chunks of flesh


   Skills:
 + Level 3.5 Fighting
 + Level 2.8 Throwing
 + Level 4.3 Dodging
 + Level 2.9 Stealth
 + Level 8.6 Unarmed Combat
 + Level 1.0 Invocations
 * Level 4.0 Evocations


You had 8 spell levels left.
You didn't know any spells.
Your spell library was empty.

Dungeon Overview and Level Annotations

Branches:
Dungeon (6/15)             Temple (1/1) D:5

Altars:
Ashenzari
Cheibriados
Dithmenos
Fedhas
Gozag
Nemelex Xobeh
Okawaru
Qazlal
Ru
Trog
Vehumet
Wu Jian
Zin
The Shining One

Portals:
Abyss: D:6

Annotations:
D:6 1 transporter


Innate Abilities, Weirdness & Mutations

You are too large for most types of armour.
You have claws for hands.
Your metabolism is lightning-fast.
You like to eat raw meat.
You heal very quickly.
You are covered in fur. (AC +1)
You have extremely tough skin. (AC +3)
You have a pair of small horns on your head.
Your flesh is heat resistant. (rF+)


Message History

Your Invocations skill increases to level 1!
Your Evocations skill increases to level 4!
You have reached level 9!
Your experience leads to an increase in your attributes!
Your base attributes are Str 21, Int 6, Dex 13.
Increase (S)trength, (I)ntelligence, or (D)exterity?
You feel stronger. x2
You mangle the large abomination!! You claw the large abomination!
The large abomination is severely damaged.
You barely miss the large abomination.
The large abomination is severely damaged.
You are no longer berserk.
You are exhausted.
You feel yourself slow down.
The large abomination barely misses you.
You scratch the large abomination.
Your headbutt misses the large abomination.
The large abomination is severely damaged.
The large abomination hits you!!
You die...

#.#.......###...#.###...#..#.##..
#......#...............###.#.####
#..##.....##.. ...#.##. .##)#
#..##.###....####.... # #.#
#..##.#.##..##..####..# #.#
#..#..#..#..#©.[...##.# # #.#
#..#.## ##..##..^#..#.# .# #(.#(#
#. ###.#∩##.##. ..).(# #
..#@.##.... ####.## ## .##X##
...# #..###.:####5...##..#
##...#[#........$#©.#
##..##....#.....##.##
#..##....3.u##.##..#
#.##...####..#.#..## #.#.5. #.©##
..##.# #.##3###...###..#.#


You could see a green ugly thing, a large abomination and a white imp.

Vanquished Creatures
  A sun demon (D:6)
  The ghost of Illumine the Chopper, a novice DDFi (D:6)
  Grinder (D:3)
  2 orc warriors (D:6)
  2 phantoms (D:4)
  A centaur (D:6)
  A small abomination (D:6)
  A scorpion (D:3)
  2 crimson imps
  3 hounds (D:5)
  2 bullfrog skeletons
  4 orc wizards
  2 iguanas (D:5)
  An orc priest (D:4)
  Terence (D:3)
  5 worker ants (D:4)
  Natasha (thrice) (D:4)
  A killer bee zombie (D:6)
  A hound zombie (D:5)
  8 adders
  A shadow imp (D:5)
  A worm (D:6)
  A dart slug (D:4)
  4 leopard geckos
  22 orcs
  3 giant cockroaches
  5 hobgoblins
  2 jackals (D:5)
  2 quokkas
  A ball python (D:6)
  7 bats
  6 frilled lizards
  2 goblins
  2 jackal skeletons
  5 kobolds
  A leopard gecko skeleton (D:6)
  A leopard gecko zombie (D:5)
  4 rats
113 creatures vanquished.

Notes
Turn   | Place    | Note
-------+----------+-------------------------------------------
     0 | D:1      | Dorkslayer the Troll Monk began the quest for the Orb.
     0 | D:1      | Reached XP level 1. HP: 22/22 MP: 0/0
   611 | D:2      | Reached XP level 2. HP: 28/29 MP: 1/1
  1053 | D:2      | Reached XP level 3. HP: 34/36 MP: 2/2
  1350 | D:3      | Found a stormy altar of Qazlal.
  1352 | D:3      | Noticed a scorpion
  1358 | D:3      | Killed a scorpion
  1358 | D:3      | Reached XP level 4. HP: 44/44 MP: 3/3
  1359 | D:3      | Noticed Grinder
  1373 | D:3      | Killed Grinder
  1373 | D:3      | Reached skill level 4 in Unarmed Combat
  1373 | D:3      | Reached skill level 1 in Evocations
  1373 | D:3      | Reached XP level 5. HP: 50/52 MP: 3/5
  1373 | D:3      | Reached XP level 6. HP: 57/59 MP: 3/6
  1455 | D:3      | Noticed Jessica
  1458 | D:3      | Noticed Jessica
  1458 | D:3      | Jessica changed into Jessica the quokka
  1463 | D:3      | Killed Jessica the quokka
  1547 | D:3      | Noticed Terence
  1560 | D:3      | Killed Terence
  2089 | D:4      | Reached skill level 5 in Unarmed Combat
  2152 | D:4      | Noticed Natasha
  2169 | D:4      | Killed Natasha
  2169 | D:4      | Reached XP level 7. HP: 67/67 MP: 7/7
  2201 | D:4      | Reached skill level 1 in Throwing
  2243 | D:4      | Found an ornate altar of the Wu Jian Council.
  2319 | D:4      | Noticed Natasha
  2329 | D:4      | Killed Natasha
  2478 | D:4      | Noticed Natasha
  2486 | D:4      | Killed Natasha
  2743 | D:5      | Entered Level 5 of the Dungeon
  2814 | D:5      | Reached skill level 6 in Unarmed Combat
  3060 | D:5      | Found a staircase to the Ecumenical Temple.
  3075 | Temple   | Entered the Ecumenical Temple
  3115 | Temple   | Became a worshipper of the Shining One
  3115 | Temple   | Reached * piety under the Shining One
  3115 | Temple   | Reached ** piety under the Shining One
  3138 | D:5      | Reached XP level 8. HP: 75/75 MP: 9/9
  3333 | D:5      | Got an ichor-stained robe
  3344 | D:5      | Identified the +2 robe of Ahurei {Int+3 Dex+2} (You found
                  | it on level 5 of the Dungeon)
  3720 | D:6      | Found a transporter.
  3720 | D:6      | Noticed a sun demon
  3782 | D:6      | Noticed Illumine's ghost (novice DDFi)
  3786 | D:6      | Identified the +3 spear "Killer Bee's Regret" {distort,
                  | rElec rN+}
  3788 | D:6      | Noticed a green ugly thing
  3795 | D:6      | Found a transporter.
  3808 | D:6      | Gained mutation: You heal very quickly. [potion of
                  | mutation]
  3808 | D:6      | Gained mutation: You have a pair of small horns on your
                  | head. [potion of mutation]
  3808 | D:6      | Gained mutation: Your flesh is heat resistant. (rF+)
                  | [potion of mutation]
  3813 | D:6      | Found a one-way gate to the infinite horrors of the Abyss.
  3820 | D:6      | Reached skill level 7 in Unarmed Combat
  3827 | D:6      | Noticed a large abomination
  3841 | D:6      | Killed Illumine's ghost
  3845 | D:6      | Killed a sun demon
  3845 | D:6      | Reached skill level 8 in Unarmed Combat
  3845 | D:6      | Reached skill level 1 in Invocations
  3845 | D:6      | Reached XP level 9. HP: 28/83 MP: 9/11
  3848 | D:6      | Slain by a large abomination

Illustrated notes

Levels and vault maps discovered:
D:1:      sevenhm_arrival_forest_fort_small_4, layout_basic
D:2:      layout_loops_cross
D:3:      layout_basic, grunt_qazlal_sundering, serial_glass, glass_columns_c,
          glass_columns_a, minmay_strange_pillars, feat_on_display,
          uniq_jessica, uniq_terence, uniq_grinder
D:4:      minmay_evil_eye, layout_loops_ring, kennysheep_mini, first_ration,
          uniq_natasha
D:5:      layout_cave_pods, minmay_temple_entry_slanted
D:6:      layout_loops_ring, marbit_many_paths, gammafunk_ghost_abyssal_escape
Temple:   eino_narrow_crystal_temple

Skill      XL: |  1  2  3  4  5  6  7  8 |
---------------+-------------------------+-----
Dodging        | 3 4 |  4.3
Stealth        | 2 |  2.9
Unarmed Combat | 4 5 6 8 |  8.6
Evocations     | 1 2 4 |  4.0
Fighting       | 3 |  3.5
Throwing       | 2 |  2.8
Invocations    | 1 |  1.0

Action                   |  1- 3 |  4- 6 |  7- 9 || total
-------------------------+-------+-------+-------++-------
Melee: Unarmed           |    74 |    92 |   189 ||   355
       Punch             |     2 |     2 |     7 ||    11
       Headbutt          |       |       |     4 ||     4
Throw: Boomerang         |       |    18 |    24 ||    42
Invok: Divine Shield     |       |       |     2 ||     2
Evoke: Wand              |     1 |     3 |     2 ||     6
  Use: Scroll            |       |     6 |     1 ||     7
       Potion            |       |       |     2 ||     2
 Stab: Sleeping          |     4 |       |       ||     4
       Paralysed         |     2 |     7 |       ||     9
  Eat: Chunk             |    16 |     4 |    14 ||    34
       Ration            |       |       |     1 ||     1
Armor: Robe              |    36 |    20 |    66 ||   122
Dodge: Dodged            |    44 |    37 |    89 ||   170
Block: Other             |       |       |     4 ||     4
